AoeStats
← Lord_Wilfredo

Golden Pit

507592569Analyzed
1v1 RM · 13d ago on Sep 18, 2026· 21m 41s· 2 players
Game mode
Random Map
Map size
Tiny (2 player)
Population
200
Speed
Normal
Resources
Standard
Victory
Conquest
Starting age
Dark Age
Ending age
Imperial Age
RankedLock teamsTeams togetherTeam positionsShared explorationLock speedFull tech treeHidden civsTurbo modeCheats
Victory
Defeat
🇦🇷 Dravidians · Argentina
1283
+15
🇦🇷 Poles · Argentina
1261
-15
El Latigo
6:52 Loom
9:09 Feudal Age
9:46 Double-Bit Axe
22:25 Castle Age
Lord_Wilfredo
8:15 Loom
10:23 Feudal Age
10:59 Man-at-Arms
15:47 Double-Bit Axe
17:26 Horse Collar
19:53 Scale Mail Armor
20:38 Fletching
Connection lost

Rejoining the realm…

Still unreachable

The connection could not be restored.

Session expired

The server has moved on; the page needs a fresh start.